EL
PAWTUCKET PAW SOX @ PITTSFIELD COLONIALS
06/23/1982
 
TOP OF THE 1ST
Pawtucket Paw Sox batting - Pitching for Pittsfield Colonials : RHP Bob Stoddard
Pitching: RHP Bob Stoddard
Batting: LHB Dave Haberle 0-0: Called Strike
0-1: Foul Ball, location: 2F
0-2: Ball
1-2: Strikes out swinging
Batting: RHB Robert Duran 0-0: Ground out 6-3 (Groundball, 6, EV 103.8 MPH)
Batting: LHB Jeff Stone 0-0: Ball
1-0: Called Strike
1-1: Called Strike
1-2: Strikes out swinging
Top of the 1st over - 0 runs, 0 hits, 0 errors, 0 left on base; Pawtucket 0 - Pittsfield 0
BOTTOM OF THE 1ST
Pittsfield Colonials batting - Pitching for Pawtucket Paw Sox : RHP Billy Taylor
Pitching: RHP Billy Taylor
Batting: SHB Steve Scafa 0-0: Ball
1-0: Called Strike
1-1: Ball
2-1: Foul Ball, location: 2F
2-2: Ball
3-2: Ground out 6-3 (Groundball, 6MD, EV 98.8 MPH)
Batting: SHB Mitch Webster 0-0: Called Strike
0-1: SINGLE (Groundball, 6D, EV 106.9 MPH)
Batting: RHB Shawon Dunston 0-0: Ball
1-0: Ball
2-0: Called Strike
2-1: Called Strike
2-2: Foul Ball, location: 2F
2-2: Strikes out looking
Batting: LHB James Wojcik 0-0: Ball
1-0: Foul Ball, location: 2F
1-1: SINGLE (Groundball, 6D, EV 98.1 MPH)
Mitch Webster to second
Runner from 2nd tries for 3rd, SAFE, throw by CF made to third
Batting: RHB Mike Brewer 0-0: Called Strike
0-1: Called Strike
0-2: Ground out 5-3 (Groundball, 56S, EV 93.1 MPH)
Bottom of the 1st over - 0 runs, 2 hits, 0 errors, 2 left on base; Pawtucket 0 - Pittsfield 0
TOP OF THE 2ND
Pawtucket Paw Sox batting - Pitching for Pittsfield Colonials : RHP Bob Stoddard
Batting: RHB Dave Malpeso 0-0: Fly out, F8 (Flyball, 8LD, EV 102.5 MPH)
Batting: RHB Brick Smith 0-0: Ball
1-0: Swinging Strike
1-1: Called Strike
1-2: Ball
2-2: Ball
3-2: Strikes out swinging
Batting: LHB David Wiggins 0-0: Foul Ball, location: 2F
0-1: Ground out 6-3 (Groundball, 6, EV 98.1 MPH)
Top of the 2nd over - 0 runs, 0 hits, 0 errors, 0 left on base; Pawtucket 0 - Pittsfield 0
BOTTOM OF THE 2ND
Pittsfield Colonials batting - Pitching for Pawtucket Paw Sox : RHP Billy Taylor
Batting: LHB Armando Ortiz 0-0: Called Strike
0-1: Swinging Strike
0-2: Ball
1-2: Fly out, F7 (Line Drive, 7, EV 103.8 MPH)
Batting: RHB Steven Ramler 0-0: Called Strike
0-1: Ball
1-1: Ground out 6-3 (Groundball, 6, EV 83.8 MPH)
Batting: SHB David Enos 0-0: Called Strike
0-1: Foul Ball, location: 2F
0-2: Ball
1-2: Foul Ball, location: 2F
1-2: Ball
2-2: Foul Ball, location: 2F
2-2: Ball
3-2: Foul Ball, location: 2F
3-2: Base on Balls
Batting: RHB Juan Castro 0-0: Ball
1-0: Ball
2-0: Ball
3-0: Base on Balls
David Enos to second
Batting: SHB Steve Scafa 0-0: Ground out 1-3 (Groundball, 15S, EV 71.3 MPH)
Bottom of the 2nd over - 0 runs, 0 hits, 0 errors, 2 left on base; Pawtucket 0 - Pittsfield 0
TOP OF THE 3RD
Pawtucket Paw Sox batting - Pitching for Pittsfield Colonials : RHP Bob Stoddard
Batting: SHB Gary Weiss 0-0: Ball
1-0: Foul Ball, location: 2F
1-1: Swinging Strike
1-2: Strikes out swinging
Batting: RHB Gary Hargis 0-0: Called Strike
0-1: Ball
1-1: Fly out, F8 (Flyball, 8RD, EV 93.8 MPH)
Batting: RHB Lenny Faedo 0-0: Ball
1-0: Ball
2-0: Ball
3-0: Swinging Strike
3-1: Called Strike
3-2: Strikes out swinging
Top of the 3rd over - 0 runs, 0 hits, 0 errors, 0 left on base; Pawtucket 0 - Pittsfield 0
BOTTOM OF THE 3RD
Pittsfield Colonials batting - Pitching for Pawtucket Paw Sox : RHP Billy Taylor
Batting: SHB Mitch Webster 0-0: Ball
1-0: Ball
2-0: Foul Ball, location: 2F
2-1: Ground out 4-3 (Groundball, 4, EV 88.1 MPH)
Batting: RHB Shawon Dunston 0-0: Foul Ball, location: 2F
0-1: Called Strike
0-2: Fly out, F9 (Flyball, 9LD, EV 98.8 MPH)
Batting: LHB James Wojcik 0-0: SINGLE (Line Drive, 7S, EV 104.4 MPH)
Batting: RHB Mike Brewer 0-0: Ball
1-0: Foul Ball, location: 2F
1-1: Ball
2-1: Ball
3-1: Foul Ball, location: 2F
3-2: Base on Balls
James Wojcik to second
Batting: LHB Armando Ortiz 0-0: Called Strike
0-1: Ball
1-1: Ball
Passed Ball!
James Wojcik to third
Mike Brewer to second
2-1: Ball
3-1: Base on Balls
Batting: RHB Steven Ramler 0-0: Called Strike
0-1: Foul Ball, location: 2F
0-2: Ball
1-2: Ball
2-2: Ball
3-2: Foul Ball, location: 2F
3-2: Ground out 5-3 (Groundball, 56S, EV 75.0 MPH)
Bottom of the 3rd over - 0 runs, 1 hit, 0 errors, 3 left on base; Pawtucket 0 - Pittsfield 0
TOP OF THE 4TH
Pawtucket Paw Sox batting - Pitching for Pittsfield Colonials : RHP Bob Stoddard
Batting: LHB Dave Haberle 0-0: Called Strike
0-1: Ball
1-1: Ground out 4-3 (Groundball, 4D, EV 101.3 MPH)
Batting: RHB Robert Duran 0-0: Called Strike
0-1: Ball
1-1: Ball
2-1: Ball
3-1: Fly out, F8 (Flyball, 8RS, EV 73.1 MPH)
Batting: LHB Jeff Stone 0-0: Fly out, F5 (Flyball, 56D, EV 89.4 MPH)
Top of the 4th over - 0 runs, 0 hits, 0 errors, 0 left on base; Pawtucket 0 - Pittsfield 0
BOTTOM OF THE 4TH
Pittsfield Colonials batting - Pitching for Pawtucket Paw Sox : RHP Billy Taylor
Batting: SHB David Enos 0-0: SINGLE (Line Drive, 3D, EV 95.6 MPH)
Batting: RHB Juan Castro 0-0: SINGLE (Line Drive, 56D, EV 102.5 MPH)
David Enos to second
Batting: SHB Steve Scafa 0-0: Ball
1-0: Ball
2-0: Foul Ball, location: 2F
2-1: Ball
3-1: Called Strike
3-2: Foul Ball, location: 2F
3-2: Base on Balls
David Enos to third
Juan Castro to second
Batting: SHB Mitch Webster 0-0: SINGLE (Line Drive, 4MD, EV 95.6 MPH)
David Enos scores
Juan Castro to third
Steve Scafa to second
Runner from 3rd tries for Home, throw by CF and OUT! 8-2
Batting: RHB Shawon Dunston 0-0: Ball
1-0: Foul Ball, location: 2F
1-1: Foul Ball, location: 2F
1-2: Reached on error, E1 (Groundball, 15S, EV 71.3 MPH)
Steve Scafa to third
Mitch Webster to second
Batting: LHB James Wojcik 0-0: Ball
1-0: Ball
2-0: Ball
3-0: Base on Balls
Steve Scafa scores
Mitch Webster to third
Shawon Dunston to second
Batting: RHB Mike Brewer 0-0: SINGLE (Groundball, 56S, EV 75.0 MPH) (infield hit)
Mitch Webster scores
Shawon Dunston to third
James Wojcik to second
Batting: LHB Armando Ortiz 0-0: Called Strike
0-1: Hit by Pitch
Shawon Dunston scores
James Wojcik to third
Mike Brewer to second
Batting: RHB Steven Ramler 0-0: Ball
1-0: Swinging Strike
1-1: Grounds into double play, 6-4-3 (Groundball, 6, EV 86.3 MPH)
Bottom of the 4th over - 4 runs, 4 hits, 1 error, 2 left on base; Pawtucket 0 - Pittsfield 4
TOP OF THE 5TH
Pawtucket Paw Sox batting - Pitching for Pittsfield Colonials : RHP Bob Stoddard
Batting: RHB Dave Malpeso 0-0: Called Strike
0-1: Ball
1-1: Foul Ball, location: 2F
1-2: SINGLE (Line Drive, 8LS, EV 110.0 MPH)
Batting: RHB Brick Smith 0-0: Fielders Choice at 2nd, 6-4 (Groundball, 6D, EV 96.9 MPH)
Batting: LHB David Wiggins 0-0: Ball
1-0: Called Strike
1-1: Called Strike
1-2: Foul Ball, location: 2F
1-2: Ball
2-2: Foul Ball, location: 2F
2-2: Foul Ball, location: 2F
2-2: Ball
3-2: Base on Balls
Brick Smith to second
Batting: SHB Gary Weiss 0-0: Swinging Strike
0-1: Ball
1-1: Ball
2-1: Called Strike
2-2: SINGLE (Line Drive, 34D, EV 103.1 MPH)
Brick Smith to third
David Wiggins to second
Batting: RHB Gary Hargis 0-0: Ball
1-0: Swinging Strike
1-1: Foul Ball, location: 2F
1-2: Strikes out looking
Batting: RHB Lenny Faedo 0-0: Called Strike
0-1: Foul Ball, location: 2F
0-2: Ball
1-2: Fly out, F7 (Flyball, 7, EV 79.4 MPH)
Top of the 5th over - 0 runs, 2 hits, 0 errors, 3 left on base; Pawtucket 0 - Pittsfield 4
BOTTOM OF THE 5TH
Pittsfield Colonials batting - Pitching for Pawtucket Paw Sox : RHP Billy Taylor
Batting: SHB David Enos 0-0: Foul Ball, location: 2F
0-1: Swinging Strike
0-2: Strikes out swinging
Batting: RHB Juan Castro 0-0: Foul Ball, location: 2F
0-1: Swinging Strike
0-2: Strikes out swinging
Batting: SHB Steve Scafa 0-0: Foul Ball, location: 2F
0-1: Foul Ball, location: 2F
0-2: Ball
1-2: Ball
2-2: Foul Ball, location: 2F
2-2: Strikes out swinging, 2-3 out at first.
Bottom of the 5th over - 0 runs, 0 hits, 0 errors, 0 left on base; Pawtucket 0 - Pittsfield 4
TOP OF THE 6TH
Pawtucket Paw Sox batting - Pitching for Pittsfield Colonials : RHP Bob Stoddard
Batting: LHB Dave Haberle 0-0: Ground out 6-3 (Groundball, 6M, EV 85.0 MPH)
Batting: RHB Robert Duran 0-0: Ball
1-0: Ball
2-0: Ball
3-0: Base on Balls
Batting: LHB Jeff Stone 0-0: Called Strike
0-1: Ball
1-1: Called Strike
1-2: Foul Ball, location: 2F
1-2: Ball
2-2: Foul Ball, location: 2F
2-2: Strikes out swinging
Batting: RHB Dave Malpeso 0-0: Called Strike
0-1: Called Strike
0-2: Foul Ball, location: 2F
0-2: Ball
1-2: Ball
Robert Duran steals 2nd base
2-2: SINGLE (Flyball, 4D, EV 83.1 MPH)
Robert Duran to third
Runner from 3rd tries for Home, SAFE, throw by RF to home
Batting: RHB Brick Smith 0-0: Called Strike
0-1: Foul Ball, location: 2F
0-2: SINGLE (Groundball, P, EV 90.6 MPH) (infield hit)
Dave Malpeso to second
Batting: LHB David Wiggins 0-0: Foul Ball, location: 2F
0-1: Fly out, F9 (Line Drive, 9, EV 87.5 MPH)
Top of the 6th over - 1 run, 2 hits, 0 errors, 2 left on base; Pawtucket 1 - Pittsfield 4
BOTTOM OF THE 6TH
Pittsfield Colonials batting - Pitching for Pawtucket Paw Sox : RHP Billy Taylor
Batting: SHB Mitch Webster 0-0: Ball
1-0: Called Strike
1-1: Ball
2-1: Ground out 6-3 (Groundball, 6, EV 85.6 MPH)
Batting: RHB Shawon Dunston 0-0: Foul Ball, location: 2F
0-1: Swinging Strike
0-2: Reached on error, E6 (Groundball, 6M, EV 93.1 MPH)
Batting: LHB James Wojcik 0-0: Foul Ball, location: 2F
0-1: Ball
1-1: Foul Ball, location: 2F
1-2: Grounds into double play, 5-4-3 (Groundball, 56S, EV 83.8 MPH)
Bottom of the 6th over - 0 runs, 0 hits, 1 error, 0 left on base; Pawtucket 1 - Pittsfield 4
TOP OF THE 7TH
Pawtucket Paw Sox batting - Pitching for Pittsfield Colonials : RHP Bob Stoddard
Batting: SHB Gary Weiss 0-0: Ball
1-0: Swinging Strike
1-1: Ball
2-1: SINGLE (Groundball, 34S, EV 64.4 MPH) (infield hit)
Batting: RHB Gary Hargis 0-0: Called Strike
0-1: Ball
1-1: Ball
2-1: Bunt missed!
2-2: Ball
3-2: Fielders Choice at 2nd, 1-6 (Groundball, 34S, EV 66.3 MPH)
Batting: RHB Lenny Faedo 0-0: Ball
1-0: Swinging Strike
1-1: Ball
2-1: Foul Ball, location: 2F
2-2: Fly out, F6 (Popup, 6, EV 60.6 MPH)
Batting: LHB Dave Haberle 0-0: Ball
1-0: Ball
2-0: Swinging Strike
2-1: Foul Ball, location: 2F
2-2: Strikes out looking
Top of the 7th over - 0 runs, 1 hit, 0 errors, 1 left on base; Pawtucket 1 - Pittsfield 4
BOTTOM OF THE 7TH
Pittsfield Colonials batting - Pitching for Pawtucket Paw Sox : RHP Billy Taylor
Batting: RHB Mike Brewer 0-0: Called Strike
0-1: Ball
1-1: Ball
2-1: Ball
3-1: Base on Balls
Pitching: RHP Sam Bryan
Batting: LHB Armando Ortiz 0-0: Bunt missed!
0-1: Bunted foul
0-2: Ball
1-2: Fly out, F4 (Line Drive, 4, EV 73.8 MPH)
Batting: RHB Steven Ramler 0-0: Ball
Mike Brewer steals 2nd base
1-0: Ball
Mike Brewer is caught stealing 3rd base 2-5
2-0: Ground out U3 (Groundball, 3, EV 105.6 MPH)
Bottom of the 7th over - 0 runs, 0 hits, 0 errors, 0 left on base; Pawtucket 1 - Pittsfield 4
TOP OF THE 8TH
Pawtucket Paw Sox batting - Pitching for Pittsfield Colonials : RHP Bob Stoddard
Batting: RHB Robert Duran 0-0: Called Strike
0-1: Foul Ball, location: 2F
0-2: Ball
1-2: Fly out, F4 (Line Drive, 4, EV 75.0 MPH)
Batting: LHB Jeff Stone 0-0: Ball
1-0: Ground out 6-3 (Groundball, 6, EV 100.0 MPH)
Batting: RHB Dave Malpeso 0-0: Called Strike
0-1: Ball
1-1: Called Strike
1-2: Foul Ball, location: 2F
1-2: Ball
2-2: Strikes out looking
Top of the 8th over - 0 runs, 0 hits, 0 errors, 0 left on base; Pawtucket 1 - Pittsfield 4
BOTTOM OF THE 8TH
Pittsfield Colonials batting - Pitching for Pawtucket Paw Sox : RHP Sam Bryan
Batting: SHB David Enos 0-0: Swinging Strike
0-1: Ball
1-1: Ball
2-1: Foul Ball, location: 2F
2-2: Ball
3-2: Base on Balls
Batting: RHB Juan Castro 0-0: Ball
1-0: Called Strike
1-1: Ball
2-1: Ball
3-1: Bunted foul
3-2: Reached on error, E6 (Groundball, 6, EV 101.9 MPH)
David Enos to second
Batting: SHB Steve Scafa 0-0: Ball
1-0: Foul Ball, location: 2F
1-1: Bunt missed!
1-2: Foul Ball, location: 2F
1-2: Ball
2-2: Foul Ball, location: 2F
2-2: Ball
3-2: Fielders Choice at 2nd, 6-4 (Groundball, 6M, EV 91.9 MPH)
David Enos to third
Batting: SHB Mitch Webster 0-0: Ball
1-0: DOUBLE (Groundball, 3D, EV 101.9 MPH)
David Enos scores
Steve Scafa to third
Batting: RHB Shawon Dunston 0-0: Fly out, F8 (Line Drive, 8RM, EV 107.5 MPH)
Runner from 3rd tags up, OUT at HOME! 8-2
Bottom of the 8th over - 1 run, 1 hit, 1 error, 1 left on base; Pawtucket 1 - Pittsfield 5
TOP OF THE 9TH
Pawtucket Paw Sox batting - Pitching for Pittsfield Colonials : RHP Bob Stoddard
Batting: RHB Brick Smith 0-0: Fly out, F9 (Flyball, 9S, EV 83.8 MPH)
Batting: LHB David Wiggins 0-0: Fly out, F8 (Flyball, 8LD, EV 82.5 MPH)
Batting: SHB Gary Weiss 0-0: Swinging Strike
0-1: Ball
1-1: Fly out, F8 (Flyball, 78M, EV 94.4 MPH)
Top of the 9th over - 0 runs, 0 hits, 0 errors, 0 left on base; Pawtucket 1 - Pittsfield 5
Monday, August 10th, 2020 - OOTP Baseball 21.5 Build 76